 Dungeon Crawl Stone Soup version 0.21.0 (console) character file.

22283 Kloppie the Severer (level 12, -1/112 HPs)
             Began as a Minotaur Fighter on Jan 7, 2018.
             Was the Champion of Okawaru.
             Slain by a spatial maelstrom (4 damage)
             ... on level 1 of the Abyss.
             The game lasted 00:16:49 (9965 turns).

Kloppie the Severer (Minotaur Fighter)              Turns: 9965, Time: 00:16:49

Health: -1/112     AC: 24    Str: 32    XL:     12   Next: 61%
Magic:  11/11      EV:  6    Int: 10    God:    Okawaru [******]
Gold:   605        SH: 10    Dex: 13    Spells: 11/11 levels left

rFire    + . .     SeeInvis .   a - +2 war axe (chop)
rCold    + . .     Gourm    .   c - +0 shield
rNeg     + . .     Faith    .   k - +0 plate armour {rC+}
rPois    .         Spirit   .   (helmet restricted)
rElec    .         Reflect  .   C - +1 cloak
rCorr    .         Harm     .   B - +1 pair of gloves {Str+3}
MR       .....                  p - +1 pair of boots (curse)
Stlth    ..........             (no amulet)
HPRegen  0.28/turn              D - ring of Checkmate {rC+ Int+5 Stlth+}
MPRegen  0.12/turn              z - ring "Qod Kiu" {rF+ rC- rN+ Str+3 Dex+3}

@: about to teleport
A: retaliatory headbutt, horns 2
a: Heroism, Finesse, Renounce Religion


You were on level 1 of the Abyss.
You worshipped Okawaru.
Okawaru was exalted by your worship.
You were not hungry.

You visited 3 branches of the dungeon, and saw 13 of its levels.
You visited the Abyss 1 time.

You collected 605 gold pieces.

Inventory:

Hand Weapons
 a - a +2 war axe of chopping (weapon)
 b - a +1 hand axe of flaming
 e - a +2 war axe
Armour
 c - a +0 shield (worn)
 j - a +2 pair of gloves of archery
 k - a +0 plate armour of cold resistance (worn)
 p - a cursed +1 pair of boots (worn)
 B - a +1 pair of gloves of strength (worn)
 C - a +1 cloak (worn)
Jewellery
 r - an uncursed ring of ice
 t - an uncursed ring of flight
 z - the ring "Qod Kiu" (right hand) {rF+ rC- rN+ Str+3 Dex+3}
   (You found it on level 4 of the Dungeon)

   [ring of protection from fire]

   It affects your strength (+3).
   It affects your dexterity (+3).
   It protects you from fire.
   It makes you vulnerable to cold.
   It protects you from negative energy.
 D - the ring of Checkmate (left hand) {rC+ Int+5 Stlth+}
   (You took it off an orc wizard on level 11 of the Dungeon)

   [ring of protection from cold]

   It affects your intelligence (+5).
   It protects you from cold.
   It makes you more stealthy.
Wands
 u - a wand of digging (14)
Scrolls
 h - 3 scrolls of fear
 m - 4 scrolls of teleportation
 s - 5 scrolls of remove curse
 x - a scroll of blinking
 y - 3 scrolls of amnesia
Potions
 d - a potion of might
 g - a potion of brilliance
 i - a potion of cancellation
 n - 4 potions of curing
 o - a potion of flight
 A - a potion of mutation
 F - a potion of ambrosia {unknown}
Comestibles
 f - 15 rations


   Skills:
 + Level 11.8 Fighting
 - Level 16.0 Axes
 - Level 15.1 Armour
 - Level 3.6 Shields


You had 11 spell levels left.
You didn't know any spells.

Dungeon Overview and Level Annotations

Branches:
Dungeon (11/15)            Temple (1/1) D:4            Lair (1/6) D:9
    Orc (0/2) D:11

Altars:
Ashenzari
Cheibriados
Dithmenos
Elyvilon
Fedhas
Gozag
Hepliaklqana
Kikubaaqudgha
Makhleb
Nemelex Xobeh
Okawaru
Qazlal
Ru
Sif Muna
Trog
Uskayaw
Vehumet
Wu Jian
Xom
Yredelemnul
Zin
The Shining One

Shops:
D:4 (   D:10 [

Annotations:
Lair:1 Sonja


Innate Abilities, Weirdness & Mutations

You reflexively headbutt those who attack you in melee.
You have a pair of horns on your head.


Message History

You feel strangely unstable.
You feel the power of the Abyss delaying your translocation!
You block the spatial maelstrom's attack.
The tentacled starspawn bites you!
* * * LOW HITPOINT WARNING * * *
The tentacled starspawn engulfs you but does no damage.
The starspawn tentacle constricts you.
You escape the starspawn tentacle's grasp.
You block the spatial maelstrom's attack.
The spatial maelstrom hits you but does no damage.
A tentacle flies out from the starspawn's body!
A starspawn tentacle comes into view.
The tarantella falls off the wall.
A spatial vortex comes into view.
The spatial maelstrom barely misses you.
The spatial maelstrom hits you but does no damage.
The tarantella bites you but does no damage.
The worldbinder calls forth creatures from the Spider Nest!
The spatial maelstrom hits you.
You die...

. # . . . .# . . .#.
.... .# . . .# ##..
# ..# #. #. ## ## #
# #..###### .#.#
##.# #..#v#v@###...#
##...##..#ss##.X...#
#....s.x.sw§.## ...#
#..#.sX§/.§.#. .. .#
# #.x#..│V._#.# .##X
. ..#...<#. .#...# .
. .#.##...#..###..#
..
#....##.......#....#
#### #...##.##...##.


You could see a tentacled starspawn, a spatial maelstrom, a worldbinder, a
jumping spider and 4 tarantellas.

Vanquished Creatures
  Harold (D:11)
  2 two-headed ogres (D:9)
  3 hell hogs (Abyss:1)
  7 death yaks (D:9)
  Urug (D:11)
  A wretched star (Abyss:1)
  2 unseen horrors (D:11)
  3 starcursed masses (Abyss:1)
  A deep elf mage (D:11)
  2 ugly things (D:11)
  A cyclops (D:11)
  A gargoyle (D:10)
  3 centaur skeletons
  A merfolk (D:11)
  A troll (D:10)
  3 blink frogs (Abyss:1)
  4 hippogriffs
  A large abomination (Abyss:1)
  A ynoxinul (Abyss:1)
  5 yaks (D:11)
  A wyvern (D:11)
  A shadow (D:8)
  Grum (D:11)
  A hungry ghost (Abyss:1)
  A steam dragon (D:11)
  A small abomination (Abyss:1)
  A soldier ant (D:7)
  2 water moccasins
  11 orc warriors
  2 sky beasts
  An ice beast (D:9)
  2 black bears
  3 centaurs
  4 wolves (D:11)
  5 ogres
  2 big kobolds
  5 bullfrogs
  5 scorpions
  A water moccasin skeleton (D:10)
  6 killer bees (D:9)
  4 howler monkeys
  4 crimson imps
  A bullfrog zombie (D:6)
  3 bullfrog skeletons
  3 hounds
  4 jellies
  5 orc priests
  14 orc wizards
  Jessica (D:3)
  Natasha (thrice) (D:2)
  12 worker ants
  2 iguanas
  2 hound zombies
  A worker ant zombie (D:9)
  8 adders
  3 shadow imps
  A white imp (Abyss:1)
  2 adder zombies
  3 oozes
  2 worms
  A dart slug (D:1)
  9 leopard geckos
  42 orcs
  6 bats
  9 giant cockroaches
  6 goblins
  4 hobgoblins
  3 jackals (D:5)
  3 quokkas
  A ball python (D:3)
  5 frilled lizards
  A jackal zombie (D:8)
  13 kobolds
  3 leopard gecko skeletons
  3 rats
287 creatures vanquished.

Vanquished Creatures (others)
  An adder (D:11)
  A plant (Lair:1)
  A starspawn tentacle (Abyss:1)
3 creatures vanquished.

Grand Total: 290 creatures vanquished

Notes
Turn   | Place    | Note
-------+----------+-------------------------------------------
     0 | D:1      | Kloppie the Minotaur Fighter began the quest for the Orb.
     0 | D:1      | Reached XP level 1. HP: 19/19 MP: 0/0
    53 | D:1      | Reached skill level 3 in Axes
    53 | D:1      | Reached XP level 2. HP: 20/27 MP: 1/1
   199 | D:1      | You fall through a shaft!
   523 | D:1      | Reached XP level 3. HP: 34/34 MP: 2/2
  1074 | D:2      | Noticed Natasha
  1089 | D:2      | Killed Natasha
  1089 | D:2      | Reached skill level 5 in Fighting
  1089 | D:2      | Reached skill level 4 in Axes
  1089 | D:2      | Reached XP level 4. HP: 22/42 MP: 3/3
  1528 | D:2      | Found a faded altar of an unknown god.
  1531 | D:2      | Noticed Natasha
  1539 | D:2      | Killed Natasha
  1542 | D:2      | Noticed Natasha
  1548 | D:2      | Killed Natasha
  1548 | D:2      | Reached XP level 5. HP: 43/48 MP: 4/4
  2149 | D:3      | Reached skill level 5 in Axes
  2354 | D:3      | Found a sparkling altar of Nemelex Xobeh.
  2354 | D:3      | Noticed Jessica
  2361 | D:3      | Killed Jessica
  2581 | D:4      | Noticed an ogre
  2585 | D:4      | Killed an ogre
  2585 | D:4      | Reached XP level 6. HP: 58/58 MP: 5/5
  2673 | D:4      | Reached skill level 6 in Axes
  2681 | D:4      | Found Lestro's Antique Weapon Shop.
  2820 | D:4      | Got a glittering amber ring
  2987 | D:4      | Found a staircase to the Ecumenical Temple.
  2992 | Temple   | Entered the Ecumenical Temple
  3255 | Temple   | Became a worshipper of Warmaster Okawaru
  3312 | D:4      | Identified the ring "Qod Kiu" {rF+ rC- rN+ Str+3 Dex+3} (You found it on level 4 of the Dungeon)
  3314 | D:5      | Entered Level 5 of the Dungeon
  3327 | D:5      | Reached XP level 7. HP: 39/66 MP: 6/6
  3386 | D:5      | Found a shattered altar of Ashenzari.
  3466 | D:5      | Reached skill level 7 in Axes
  3959 | D:6      | Reached * piety under Okawaru
  3977 | D:6      | Reached skill level 8 in Axes
  3998 | D:6      | Reached XP level 8. HP: 49/75 MP: 7/7
  4317 | D:6      | Found a stormy altar of Qazlal.
  4355 | D:6      | Noticed an air elemental
  4823 | D:7      | Reached skill level 9 in Axes
  5200 | D:8      | Reached ** piety under Okawaru
  5200 | D:8      | Reached skill level 10 in Fighting
  5356 | D:7      | Reached skill level 10 in Axes
  5718 | D:8      | Reached XP level 9. HP: 47/86 MP: 8/8
  5960 | D:8      | Reached skill level 5 in Armour
  5986 | D:8      | Reached skill level 11 in Axes
  6064 | D:8      | Reached *** piety under Okawaru
  6277 | D:9      | Noticed a death yak
  6308 | D:9      | Killed a death yak
  6457 | D:9      | Reached skill level 12 in Axes
  6555 | D:9      | Reached **** piety under Okawaru
  6555 | D:9      | Reached XP level 10. HP: 94/94 MP: 9/9
  6621 | D:9      | Noticed a two-headed ogre
  6627 | D:9      | Killed a two-headed ogre
  6680 | D:9      | Noticed a two-headed ogre
  6689 | D:9      | Killed a two-headed ogre
  6722 | D:9      | Reached skill level 13 in Axes
  6957 | D:9      | Found a staircase to the Lair.
  6957 | D:9      | Noticed a death yak
  6957 | D:9      | Noticed a death yak
  6957 | D:9      | Noticed a death yak
  6957 | D:9      | Noticed a death yak
  6958 | D:9      | Noticed a death yak
  6973 | D:9      | Killed a death yak
  6973 | D:9      | Reached skill level 10 in Armour
  6977 | D:9      | Killed a death yak
  6977 | D:9      | Reached ***** piety under Okawaru
  6983 | D:9      | Noticed a death yak
  6983 | D:9      | Killed a death yak
  6987 | D:9      | Killed a death yak
  6987 | D:9      | Reached skill level 14 in Axes
  6987 | D:9      | Reached XP level 11. HP: 101/101 MP: 8/10
  6993 | D:9      | Killed a death yak
  7001 | D:9      | Killed a death yak
  7001 | D:9      | Received a gift from Okawaru
  7135 | D:10     | Entered Level 10 of the Dungeon
  7424 | D:10     | Found Voaga's Armour Shoppe.
  7875 | D:11     | Noticed Harold
  7888 | D:11     | Noticed a deep elf mage
  8128 | D:11     | Reached skill level 15 in Axes
  8130 | D:11     | Killed a deep elf mage
  8137 | D:11     | Killed Harold
  8163 | D:11     | Killed an unseen horror
  8163 | D:11     | Received a gift from Okawaru
  8225 | D:11     | Noticed Grum
  8254 | D:11     | Killed Grum
  8262 | D:11     | Reached ****** piety under Okawaru
  8311 | D:11     | Reached XP level 12. HP: 40/107 MP: 11/11
  8597 | D:11     | Found a staircase to the Orcish Mines.
  8766 | D:11     | Got a smoking iron ring
  8768 | D:11     | Identified the ring of Checkmate {rC+ Int+5 Stlth+} (You took it off an orc wizard on level 11 of the Dungeon)
  8791 | D:11     | Noticed Urug
  8803 | D:11     | Killed Urug
  8803 | D:11     | Reached skill level 16 in Axes
  8924 | D:11     | Received a gift from Okawaru
  9191 | Lair:1   | Entered Level 1 of the Lair of Beasts
  9235 | Lair:1   | Noticed Sonja
  9243 | Lair:1   | Cast into level 1 of the Abyss (Sonja)
  9320 | Abyss:1  | HP: 3/74 [wretched star/orb of energy (21)]
  9632 | Abyss:1  | Noticed a hell hog
  9633 | Abyss:1  | Noticed a hell hog
  9633 | Abyss:1  | Noticed a hell hog
  9640 | Abyss:1  | Killed a hell hog
  9640 | Abyss:1  | Reached skill level 15 in Armour
  9644 | Abyss:1  | Killed a hell hog
  9648 | Abyss:1  | Killed a hell hog
  9648 | Abyss:1  | Received a gift from Okawaru
  9657 | Abyss:1  | Noticed a starcursed mass
  9658 | Abyss:1  | Noticed a starcursed mass
  9679 | Abyss:1  | Noticed a black draconian
  9683 | Abyss:1  | HP: 3/110 [starcursed mass/accursed screaming (9)]
  9725 | Abyss:1  | Noticed a starcursed mass
  9810 | Abyss:1  | Found a corrupted altar of Lugonu.
  9910 | Abyss:1  | Noticed a starcursed mass
  9925 | Abyss:1  | Killed a starcursed mass
  9942 | Abyss:1  | Noticed a tentacled starspawn
  9961 | Abyss:1  | HP: 2/112 [tentacled starspawn (15)]
  9965 | Abyss:1  | Slain by a spatial maelstrom

Skill      XL: |  1  2  3  4  5  6  7  8  9 10 11 12 |
---------------+-------------------------------------+-----
Fighting       | 4 5 6 7 8 10 11 | 11.8
Axes           | 3 4 5 6 8 10 12 14 15 16 | 16.0
Armour         | 4 8 11 13 15 | 15.1
Shields        | |  3.6

Action                   |  1- 3 |  4- 6 |  7- 9 | 10-12 || total
-------------------------+-------+-------+-------+-------++-------
Melee: War axe           |    93 |    88 |   284 |   399 ||   864
       Headbutt          |    12 |    12 |    65 |   115 ||   204
Invok: Heroism           |       |       |     1 |     2 ||     3
Evoke: Wand              |       |     4 |     4 |     7 ||    15
  Use: Scroll            |       |     1 |    18 |     8 ||    27
       Potion            |       |       |     1 |     4 ||     5
  Eat: Chunk             |     1 |     5 |    12 |     7 ||    25
       Ration            |       |       |       |     2 ||     2
Armor: Scale mail        |    35 |    29 |    10 |       ||    74
       Plate armour      |       |       |   134 |   250 ||   384
Dodge: Dodged            |    23 |    26 |    46 |    58 ||   153
Block: Shield            |    47 |    50 |   114 |   157 ||   368
